Malik, chaotic male human Wizard ------ ------ |....| . #.....| |....| #|..[)| |....| # ----- ###+<...| |.....######## --------------- #-...| ## |....| |....| # ###|......+......-# ###|...|#####-....| ---.-- ###########.......|......|# # |...| # |....| # # |......|......|# ### |...-## -.---- # |......|......## # |...| # ### #.......|......|### # ----- # # |>.....-......| # ) ### ## --------------- ### # # ---|-------- # # ### |..@........ ### # # |.u......{.| # -----) --.-- |..........+ ##....|# |...| |..........| |.^..# |..[| ------------ ----- ----- Malik the Thaumaturge Experience level: 7 Strength: 13 Dexterity: 15 Constitution: 15 Intelligence: 18 Wisdom: 11 Charisma: 7 Health: 0(55) Energy: 24(56) AC: 4 Gold: 491 Moves: 4001 Your Inventory: Coins $ - 491 gold pieces Weapons a - a blessed +1 quarterstaff (weapon in hands) Armor b - an uncursed +0 cloak of magic resistance (being worn) r - an uncursed +0 orcish helm (being worn) x - an uncursed +0 leather armor (being worn) C - an uncursed +0 pair of hard shoes [iron] (being worn) Comestibles t - 3 uncursed food rations M - an [uncursed] tripe ration O - an [uncursed] tin [of sewer rat meat] U - 2 [uncursed] lembas wafers Scrolls i - 2 uncursed scrolls of light j - an uncursed scroll of confuse monster k - a blessed scroll of scare monster q - a cursed scroll of blank paper B - 2 [uncursed] scrolls of blank paper E - an [uncursed] scroll of light N - a [cursed] scroll labeled THARR [of create monster] Q - an [uncursed] scroll labeled READ ME [of magic mapping] Spellbooks l - a blessed spellbook of force bolt m - an uncursed spellbook of sleep Potions f - an uncursed potion of water g - a blessed potion of enlightenment h - 2 uncursed potions of monster detection p - an uncursed potion of invisibility P - an [uncursed] potion of booze Rings d - an uncursed ring of poison resistance (on right hand) e - an uncursed ring of protection from shape changers (on left hand) Wands c - an uncursed wand of polymorph (0:4) A - an [uncursed] glass wand [of make invisible (0:3)] R - an [uncursed] wand of digging [0:6] Tools n - an uncursed pair of lenses S - an [uncursed] expensive camera [0:82] V - an [uncursed] credit card Spells known in the end: Name Level Category Fail Memory a - force bolt 1 attack 4% [|||||||.] b - sleep 1 enchantment 4% [|||||||.] Your skills at the end: Fighting Skills Weapon Skills quarterstaff [Basic / Expert] Spellcasting Skills attack spells [Basic / Expert] enchantment spells [Basic / Skilled] Final Attributes: You were piously aligned. Hunger level was 802. Your alignment was 29 / 30. Monster difficulty range was 1 - 6. Level difficulty was 6. You were immune to poison. You were magic-protected. You were protected from shape changers. Your luck was zero. You are dead. Vanquished creatures: 2 leprechauns a dust vortex a rock piercer a rock mole a violet fungus a gnomish wizard a kobold mummy a black naga hatchling a gray ooze an elf zombie a paper golem 2 floating eyes a dwarf 5 rothes a rabid rat 2 monkeys an orc zombie a wererat 2 iguanas an acid blob 5 coyotes 2 hobbits a large kobold 4 giant rats 2 yellow molds a red mold a gecko 9 jackals 2 foxes 4 goblins 3 sewer rats 11 grid bugs 4 lichens 2 kobold zombies 7 newts 86 creatures vanquished. Voluntary challenges: You were an atheist. You used a wielded weapon 92 times. You read items or engraved 378 times. You put on armor 13 times. You never genocided any monsters. You never polymorphed an object. You never changed form. You used no wishes. You wrote Elbereth's name 190 times. You never encountered a bones level. You never used any Sokoban shortcuts. Dungeon overview: The Dungeons of Doom: levels 1 to 6 Level 1 a fountain a long staircase Level 2 a weapon shop stairs to The Gnomish Mines Level 3 a general store, a sink Level 4 a general store Level 5 many fountains Level 6 <- You were here a fountain The Gnomish Mines: Level 3 stairs to The Dungeons of Doom History has recorded: On T:1 you entered the Dungeons of Doom to retrieve the Amulet of Yendor! On T:397 you advanced to experience level 2. On T:444 you advanced to experience level 3. On T:640 you reached level 2 of The Dungeons of Doom. On T:817 you reached level 1 of The Gnomish Mines. On T:975 you advanced to experience level 4. On T:1134 you reached level 3 of The Dungeons of Doom. On T:1705 you reached level 4 of The Dungeons of Doom. On T:1972 you advanced to experience level 5. On T:2284 you advanced to experience level 6. On T:2609 you reached level 5 of The Dungeons of Doom. On T:3508 you advanced to experience level 7. On T:3666 you reached level 6 of The Dungeons of Doom. Latest messages: This rothe corpse tastes terrible! [HP+1=32] [HP+1=33] You finish eating the rothe corpse. [10 turns] You see here 92 gold pieces. $ - 92 gold pieces. [HP+1=34] [HP+1=35] The door opens. [HP+1=36] The doorway blocks your way. The gray unicorn butts! The gray unicorn kicks! The gray unicorn butts! The gray unicorn kicks! [HP-17=19] The spell hits the gray unicorn! The gray unicorn resists! The gray unicorn butts! The gray unicorn misses. The gray unicorn butts! The gray unicorn kicks! You die... Final status: Goodbye Malik the Wizard... You died in The Dungeons of Doom on dungeon level 6 with 2454 points, and 491 pieces of gold, after 4001 moves. You were level 7 with a maximum of 55 hit points when you died.